 Dungeon Crawl Stone Soup version 0.30-a0-568-g124715a40b (webtiles) character file.

Game seed: 16103062726407472861

1814 PyroL the Frost Mage (level 8, -8/68 HPs)
             Began as a Black Draconian Ice Elementalist on Dec 29, 2022.
             Mangled by an orc warrior
             ... wielding a +3 flail
              (13 damage)
             ... on level 6 of the Dungeon.
             The game lasted 00:10:07 (4567 turns).

PyroL the Frost Mage (DrIE)                         Turns: 4567, Time: 00:10:07

Health: -8/68      AC: 18    Str: 11    XL:     8   Next: 84%
Magic:  5/15       EV: 18    Int: 18    God:
Gold:   334        SH:  0    Dex: 11    Spells: 10/17 levels left

rFire   . . .      SeeInvis .    r - +5 hand axe
rCold   . . .      Faith    .    (no shield)
rNeg    . . .      Spirit   .    (body armour unavailable)
rPois   .          Reflect  .    (helmet restricted)
rElec   +          Harm     .    u - +1 cloak
rCorr   .          Rampage  .    f - +2 pair of gloves
Will    .....                    (no boots)
Stlth   ++                       p - amulet of the acrobat
HPRegen 0.31/turn                q - ring of wizardry
MPRegen 0.14/turn                i - +5 ring of evasion

@: ice-armoured, freezing walls
A: breathe lightning, AC +6, unfitting armour, electricity resistance,
cold-blooded
a: Breathe Lightning


You were on level 6 of the Dungeon.
You visited 1 branch of the dungeon, and saw 6 of its levels.

You collected 334 gold pieces.

Inventory:

Hand Weapons
 e - a +2 dagger of speed
 r - a +5 hand axe (weapon)
Missiles
 h - 5 atropa-tipped darts
Armour
 f - a +2 pair of gloves (worn)
 u - a +1 cloak (worn)
Jewellery
 g - a ring of magical power
 i - a +5 ring of evasion (right hand)
 p - an amulet of the acrobat (around neck)
 q - a ring of wizardry (left hand)
 w - a ring of wizardry
 x - a ring of see invisible
Wands
 l - a wand of quicksilver (2)
Scrolls
 b - 5 scrolls of vulnerability {unknown}
 c - 6 scrolls of identify {unknown}
 j - a scroll of amnesia {unknown}
 k - 2 scrolls of fog {unknown}
 m - a scroll of blinking {unknown}
 o - a scroll of butterflies {unknown}
 s - a scroll of noise {unknown}
 v - a scroll of enchant weapon {unknown}
 y - a scroll of enchant armour {unknown}
 z - a scroll of teleportation {unknown}
Potions
 a - a potion of magic
 d - a potion of flight {unknown}
 n - 2 potions of degeneration {unknown}
 t - 3 potions of curing
 A - a potion of berserk rage {unknown}


   Skills:
 - Level 5.0 Fighting
 - Level 5.0 Dodging
 - Level 1.7 Stealth
 - Level 5.0 Spellcasting
 + Level 8.2 Ice Magic
 + Level 2.4 Air Magic


You had 10 spell levels left.
You knew the following spells:

 Your Spells              Type           Power      Damage    Failure   Level
a - Freeze                Ice            100%       1d10      1%          1
b - Ozocubu's Armour      Ice            34%        N/A       1%          3
c - Frozen Ramparts       Ice            68%        1d11      1%          3

Your spell library contained the following spells:

 Spells                   Type           Power      Damage    Failure   Level
 Blink                    Tloc           8%         N/A       9%          2
 Momentum Strike          Conj/Tloc      8%         3d8       9%          2
 Summon Ice Beast         Ice/Summ       19%        N/A       10%         4
 Gell's Gravitas          Tloc           4%         N/A       16%         3
 Lesser Beckoning         Tloc           8%         N/A       16%         3
 Teleport Other           Tloc           4%         N/A       16%         3
 Airstrike                Air            6%         2d(1-17)  19%         4
 Summon Lightning Spire   Summ/Air       8%         N/A       32%         4
 Lightning Bolt           Conj/Air       4%         1d15      63%         5


Dungeon Overview and Level Annotations

Branches:
Dungeon (6/15)             Temple (0/1) D:5

Altars:
Okawaru

Annotations:
D:3 1 runed translucent door


Innate Abilities, Weirdness & Mutations

You can breathe wild blasts of lightning.
Your glossy black scales are hard. (AC +6)
You cannot fit into any form of body armour.
You are resistant to electric shocks. (rElec)
You are cold-blooded and may be slowed by cold attacks.


Message History

You hit the orc warrior but do no damage.
You tail-slap the orc warrior.
The orc warrior is severely wounded.
You hit the adder. You barely miss the orc.
The wall freezes the adder.
The adder bites you but does no damage.
The wall freezes something!
The white imp puffs mist at you.
The wall freezes the orc.
You kill the orc!
The wall freezes the orc priest.
The wall freezes the orc warrior.
The orc warrior hits you with a +3 flail.
* * * LOW HITPOINT WARNING * * *
Unknown command.
You closely miss the orc warrior.
The orc warrior is severely wounded.
You slash the orc priest! You hit the adder.
You kill the adder!
The wall freezes something!
Reactivating autopickup.
You feel a bit more experienced.
The wall freezes the orc priest!
You kill the orc priest!
The wall freezes the orc warrior.
The orc warrior hits you with a +3 flail!
* * * LOW HITPOINT WARNING * * *
The white imp gestures at you. The puff of frost hits you!
* * * LOW HITPOINT WARNING * * *
The wall freezes the orc warrior but does no damage.
The orc warrior hits you with a +3 flail!
* * * LOW HITPOINT WARNING * * *
The wall freezes the black bear.
The wall freezes the iguana.
Your Air Magic skill increases to level 2!
Your icy armour and frozen ramparts will break if you move.
Continue?
The wall freezes the orc!
You kill the orc!
The white imp completely resists.
The wall freezes the white imp but does no damage.
The white imp misses you.
The wall freezes the orc warrior but does no damage.
The orc warrior hits you with a +3 flail!
You die...

..... #.....
......
###......
.........
#..5.....
..#####5hl)....
......†@o#
..####.### ...
#.### #


You could see an orc warrior, a black bear, an iguana, a white imp and a shadow
imp.

Vanquished Creatures
  Pikel (D:4)
  Duvessa (D:5)
  An ice beast (D:5)
  2 black bears
  A phantom (D:4)
  A lemure (D:4)
  A kobold brigand (D:3)
  2 bullfrogs
  Dowan (D:5)
  The ghost of sirJeffrey23 the Grasshopper, a weakling DEWr (D:3)
  2 hounds (D:5)
  5 orc priests
  Jessica (D:3)
  Terence (D:2)
  An iguana (D:5)
  Natasha (thrice) (D:2)
  3 orc wizards
  6 adders
  A white imp (D:5)
  3 worms
  2 dart slugs
  18 orcs
  5 bats
  2 endoplasms
  3 giant cockroaches
  5 goblins
  9 hobgoblins
  4 jackals
  15 kobolds
  6 ball pythons
  2 frilled lizards
  5 rats
114 creatures vanquished.

Vanquished Creatures (others)
  2 orc wizards (D:5)
2 creatures vanquished.

Grand Total: 116 creatures vanquished

Notes
Turn   | Place    | Note
-------+----------+-------------------------------------------
     0 | D:1      | PyroL the Draconian Ice Elementalist began the quest for
                  | the Orb.
     0 | D:1      | Reached XP level 1. HP: 14/14 MP: 3/3
     6 | D:1      | Noticed an iguana
     6 | D:1      | Noticed a servant of whispers
     6 | D:1      | Noticed a stone giant
   398 | D:1      | Reached XP level 2. HP: 19/20 MP: 3/5
  1084 | D:2      | Reached XP level 3. HP: 21/26 MP: 7/7
  1098 | D:2      | Learned a level 3 spell: Ozocubu's Armour
  1102 | D:2      | Learned a level 3 spell: Frozen Ramparts
  1154 | D:2      | Noticed Terence
  1163 | D:2      | Killed Terence
  1346 | D:2      | Noticed Natasha
  1356 | D:2      | Killed Natasha
  1357 | D:2      | Reached XP level 4. HP: 31/33 MP: 8/8
  1738 | D:2      | Noticed Natasha
  1747 | D:2      | Killed Natasha
  1748 | D:2      | Reached skill level 5 in Ice Magic
  1763 | D:2      | Noticed Natasha
  1774 | D:2      | Killed Natasha
  2092 | D:3      | Reached XP level 5. HP: 38/38 MP: 11/11
  2124 | D:3      | Found a runed translucent door.
  2125 | D:3      | Noticed sirJeffrey23's ghost (weakling DEWr)
  2165 | D:3      | Killed sirJeffrey23's ghost
  2166 | D:3      | Reached skill level 5 in Spellcasting
  2270 | D:3      | Found a runed translucent door.
  2358 | D:3      | Reached XP level 6. HP: 43/48 MP: 13/13
  2451 | D:3      | Noticed Jessica
  2455 | D:3      | Killed Jessica
  2989 | D:4      | Your scales start taking on a glossy black colour.
  2989 | D:4      | Reached XP level 7. HP: 58/60 MP: 14/14
  2989 | D:4      | Gained mutation: You are resistant to electric shocks.
                  | (rElec) [Black Draconian growth]
  3253 | D:4      | Reached skill level 5 in Fighting
  3770 | D:5      | Entered Level 5 of the Dungeon
  3779 | D:5      | Noticed Pikel
  3909 | D:4      | Killed Pikel
  3910 | D:4      | Reached skill level 7 in Ice Magic
  3910 | D:4      | Reached XP level 8. HP: 46/68 MP: 6/15
  4060 | D:5      | Found an iron altar of Okawaru.
  4216 | D:5      | Noticed Duvessa
  4216 | D:5      | Noticed Dowan
  4224 | D:5      | Killed Duvessa
  4234 | D:5      | Reached skill level 5 in Dodging
  4246 | D:5      | Killed Dowan
  4399 | D:5      | Found a staircase to the Ecumenical Temple.
  4557 | D:6      | Reached skill level 8 in Ice Magic
  4557 | D:6      | Reached skill level 1 in Air Magic
  4567 | D:6      | Mangled by an orc warrior

Illustrated notes

Levels and vault maps discovered:
D:1:      onia_arrival_zoo_common, layout_loops_ring
D:2:      layout_basic, minmay_liquid_box, uniq_terence, uniq_natasha
D:3:      cheibrodos_thug_alley, layout_rooms, ebering_ghost_sewer_f,
          uniq_jessica
D:4:      wander_river, layout_loops_cross
D:5:      layout_rooms, mainiacjoe_overflow_alcove_2,
          minmay_temple_entry_from_below_a, minmay_a_box_with_orc_wizards_in_it,
          uniq_blork_the_orc, uniq_duvessa, uniq_crazy_yiuf_cottage, uniq_pikel
D:6:      layout_rooms, minmay_between, uniq_sigmund

Skill      XL: |  1  2  3  4  5  6  7  8 |
---------------+-------------------------+-----
Spellcasting   | 3 4 5 |  5.0
Ice Magic      | 5 7 8 |  8.2
Fighting       | 2 4 5 |  5.0
Dodging        | 3 5 |  5.0
Air Magic      | 2 |  2.4
Stealth        | |  1.7

Action                   |  1- 3 |  4- 6 |  7- 9 || total
-------------------------+-------+-------+-------++-------
Melee: Unarmed           |    17 |       |       ||    17
       Tailslap          |     6 |    10 |    13 ||    29
       Dagger            |    30 |    71 |    19 ||   120
       Hand axe          |       |       |    93 ||    93
 Cast: Freeze            |    32 |    24 |    41 ||    97
       Frozen Ramparts   |     2 |    10 |     6 ||    18
       Ozocubu's Armour  |     2 |     5 |     4 ||    11
 Stab: Sleeping          |     1 |     3 |     3 ||     7
       Distracted        |       |     1 |       ||     1
Armor: Skin              |    25 |    25 |    46 ||    96
Dodge: Dodged            |    49 |    67 |   144 ||   260

Table legend: (Time is in decaauts)
 A = Elapsed time spent in this place.
 B = Non-inter-level travel time spent in this place.
 C = Inter-level travel time spent in this place.
 D = Time resting spent in this place.
 E = Time spent auto-exploring this place.
 F = Levels seen in this place.
 G = Mean time per level.
                   A        B        C        D        E       F      G
               +--------+--------+--------+--------+--------+-----+--------+
         Total |   4573 |   4396 |    177 |    362 |   3155 |   6 |  762.2 |
       Dungeon |   4573 |   4396 |    177 |    362 |   3155 |   6 |  762.2 |
               +--------+--------+--------+--------+--------+-----+--------+

Top non-repeatable levels by time:
     D:2: 1126 daAuts
     D:4: 1046 daAuts
     D:3: 890 daAuts
     D:1: 885 daAuts
     D:5: 606 daAuts
     D:6: 17 daAuts
